| Goals | Penalties |
No Goal
|
Carter Mazur (LOS) for Tripping (Minor) at 19:41
|
1. Canucks , Gabriel Dumont 11 (Adam Cracknell 21, Marcus Bjork 14) at 1:09
2. Canucks , Connor Ford 6 (Max Willman 12, Chris Wagner 9) at 6:03
|
Danny DeKeyser (VAN) for Interference (Minor) at 0:10 Danny DeKeyser (VAN) for Hooking (Minor) at 13:20
|
3. Canucks , Turner Elson 18 (Danny DeKeyser 14, Gabriel Dumont 19) at 8:56 (PP)
4. Canucks , Will Lockwood 34 (Nils Aman 51, Danny DeKeyser 15) at 9:06 (PP)
5. Reign , Martin Pospisil 11 (Oliver Kylington 17, Vinnie Hinostroza 14) at 11:22
|
Carter Mazur (LOS) for High sticking (Double Minor) at 8:20 Gabriel Dumont (VAN) for Slashing (Minor) at 13:42
|
|
Jet Greaves (LOS), 19 saves from 23 shots - (0,826), L, 14-25-10, 60:00 minutes
Cayden Primeau (VAN), 9 saves from 10 shots - (0,900), W, 4-0-0, 60:00 minutes
|
|
1 - Connor Ford (VAN)
2 - Gabriel Dumont (VAN)
3 - Chris Wagner (VAN)
|
Referees : Justin Kea and John Hoolihan
Linesman : Michel Cormier and Andrew Smith
|
|
| No Game Note
|
| Team Name |
Goals |
Shots |
Shots Attemp |
Shots Blocked |
PIM |
HIT |
PP |
PK |
FO% |
| Reign |
1 | 10 | 22 | 10 | 6 | 17 | 0 / 3 (0%) | 2 | 37% |
| Canucks |
4 | 23 | 48 | 3 | 6 | 14 | 2 / 3 (67%) | 0 | 63% |
Reign
| Player Name |
POS |
G |
A |
P |
+/- |
PIM |
HIT |
SHT |
SB |
MP |
PP MP |
PP SHT |
PK MP |
PK SHT |
FO% |
FOT |
GA |
TA |
| Albert Johansson | D | 0 | 0 | 0 | 0 | 0 | 0 | 0 | 0 | 1:39 | 0:00 | 0 | 0:00 | 0 | 0% |
0 | 0 | 0 |
| Carter Mazur | LW | 0 | 0 | 0 | 0 | 6 | 0 | 0 | 0 | 14:40 | 1:37 | 0 | 0:00 | 0 | 0% |
1 | 0 | 1 |
| Georgii Merkulov | LW | 0 | 0 | 0 | -2 | 0 | 2 | 0 | 1 | 19:09 | 0:26 | 0 | 0:00 | 0 | 0% |
0 | 0 | 1 |
| Hardy Haman Aktell | D | 0 | 0 | 0 | -1 | 0 | 0 | 0 | 0 | 19:40 | 1:34 | 0 | 0:36 | 0 | 0% |
0 | 0 | 0 |
| Jacob Bernard-Docker | D | 0 | 0 | 0 | 0 | 0 | 0 | 0 | 0 | 2:48 | 0:00 | 0 | 0:00 | 0 | 0% |
0 | 0 | 0 |
| Jacob Peterson | C/LW | 0 | 0 | 0 | 1 | 0 | 0 | 2 | 0 | 24:21 | 2:26 | 0 | 0:39 | 1 | 30% |
20 | 1 | 0 |
| Jan Jenik | C | 0 | 0 | 0 | 0 | 0 | 0 | 1 | 1 | 18:40 | 1:13 | 0 | 0:00 | 0 | 0% |
1 | 0 | 0 |
| Kevin Korchinski | D | 0 | 0 | 0 | 0 | 0 | 0 | 0 | 1 | 15:42 | 0:07 | 0 | 0:00 | 0 | 0% |
0 | 0 | 0 |
| Louie Belpedio | D | 0 | 0 | 0 | -1 | 0 | 0 | 0 | 1 | 22:26 | 1:42 | 0 | 0:18 | 0 | 0% |
0 | 0 | 0 |
| Lukas Rousek | RW | 0 | 0 | 0 | -1 | 0 | 0 | 0 | 0 | 19:10 | 1:11 | 0 | 0:00 | 0 | 0% |
1 | 1 | 0 |
| Martin Pospisil | RW | 1 | 0 | 1 | 0 | 0 | 4 | 2 | 0 | 24:51 | 2:27 | 0 | 1:15 | 0 | 67% |
6 | 0 | 1 |
| Nick DeSimone | D | 0 | 0 | 0 | -1 | 0 | 2 | 1 | 3 | 27:42 | 2:45 | 0 | 0:57 | 0 | 0% |
0 | 0 | 4 |
| Nikolas Matinpalo | D | 0 | 0 | 0 | 0 | 0 | 1 | 0 | 0 | 7:08 | 0:00 | 0 | 0:00 | 0 | 0% |
0 | 0 | 0 |
| Oliver Kylington | D | 0 | 1 | 1 | 1 | 0 | 3 | 2 | 2 | 29:57 | 2:46 | 0 | 0:39 | 0 | 0% |
1 | 0 | 0 |
| Pavol Regenda | LW/RW | 0 | 0 | 0 | 0 | 0 | 3 | 0 | 0 | 9:05 | 0:00 | 0 | 0:00 | 0 | 0% |
0 | 0 | 0 |
| Ryan Tverberg | C/RW | 0 | 0 | 0 | 0 | 0 | 1 | 0 | 1 | 16:53 | 1:38 | 0 | 0:36 | 0 | 57% |
7 | 0 | 0 |
| Shakir Mukhamadullin | D | 0 | 0 | 0 | 0 | 0 | 0 | 0 | 0 | 0:34 | 0:00 | 0 | 0:00 | 0 | 0% |
0 | 0 | 0 |
| Vinnie Hinostroza | LW/RW | 0 | 1 | 1 | 0 | 0 | 1 | 2 | 0 | 22:48 | 2:23 | 0 | 0:00 | 0 | 0% |
1 | 0 | 0 |
Canucks
| Player Name |
POS |
G |
A |
P |
+/- |
PIM |
HIT |
SHT |
SB |
MP |
PP MP |
PP SHT |
PK MP |
PK SHT |
FO% |
FOT |
GA |
TA |
| Adam Cracknell | C/LW/RW | 0 | 1 | 1 | 1 | 0 | 2 | 1 | 0 | 17:29 | 0:41 | 0 | 1:10 | 0 | 0% |
0 | 1 | 0 |
| Brogan Rafferty | D | 0 | 0 | 0 | 0 | 0 | 0 | 0 | 1 | 16:35 | 0:00 | 0 | 2:21 | 0 | 0% |
0 | 0 | 1 |
| Chris Wagner | C | 0 | 1 | 1 | 1 | 0 | 3 | 2 | 0 | 15:04 | 0:00 | 0 | 0:00 | 0 | 0% |
2 | 1 | 0 |
| Connor Ford | C/LW/RW | 1 | 0 | 1 | 1 | 0 | 1 | 1 | 0 | 17:32 | 0:00 | 0 | 1:32 | 0 | 0% |
1 | 0 | 0 |
| Danny DeKeyser | D | 0 | 2 | 2 | -1 | 4 | 1 | 1 | 1 | 22:10 | 1:14 | 1 | 1:03 | 0 | 0% |
0 | 0 | 0 |
| Dawson Barteaux | D | 0 | 0 | 0 | 0 | 0 | 0 | 0 | 0 | 7:58 | 0:00 | 0 | 0:00 | 0 | 0% |
0 | 0 | 0 |
| Daylan Kuefler | LW | 0 | 0 | 0 | 0 | 0 | 0 | 1 | 0 | 8:58 | 0:00 | 0 | 1:50 | 1 | 0% |
0 | 0 | 0 |
| Gabriel Dumont | C | 1 | 1 | 2 | 0 | 2 | 1 | 2 | 0 | 18:42 | 0:34 | 0 | 0:41 | 0 | 17% |
6 | 0 | 0 |
| Lane Hutson | D | 0 | 0 | 0 | 0 | 0 | 0 | 0 | 0 | 16:35 | 0:00 | 0 | 2:21 | 0 | 0% |
0 | 0 | 1 |
| Marcus Bjork | D | 0 | 1 | 1 | 0 | 0 | 0 | 2 | 1 | 23:53 | 1:15 | 0 | 2:06 | 0 | 0% |
0 | 1 | 0 |
| Max Willman | LW | 0 | 1 | 1 | 1 | 0 | 0 | 1 | 0 | 14:49 | 0:00 | 0 | 0:00 | 0 | 0% |
0 | 0 | 0 |
| Michael Benning | D | 0 | 0 | 0 | 2 | 0 | 1 | 0 | 0 | 13:06 | 0:00 | 0 | 0:02 | 0 | 0% |
0 | 0 | 0 |
| Nils Aman | C | 0 | 1 | 1 | 0 | 0 | 4 | 2 | 0 | 22:52 | 0:41 | 0 | 1:53 | 0 | 81% |
26 | 3 | 0 |
| Olivier Galipeau | D | 0 | 0 | 0 | 1 | 0 | 0 | 1 | 0 | 12:35 | 0:00 | 0 | 1:01 | 0 | 0% |
0 | 0 | 0 |
| Olivier LeBlanc | D | 0 | 0 | 0 | 0 | 0 | 0 | 0 | 0 | 7:58 | 0:00 | 0 | 0:00 | 0 | 0% |
0 | 0 | 0 |
| Olle Lycksell | RW | 0 | 0 | 0 | -1 | 0 | 0 | 2 | 0 | 17:43 | 0:34 | 0 | 0:00 | 0 | 100% |
1 | 0 | 0 |
| Turner Elson | LW | 1 | 0 | 1 | -1 | 0 | 1 | 2 | 0 | 17:18 | 0:34 | 1 | 0:00 | 0 | 0% |
1 | 0 | 0 |
| Will Lockwood | RW | 1 | 0 | 1 | 0 | 0 | 0 | 5 | 0 | 22:43 | 0:41 | 1 | 1:48 | 0 | 100% |
1 | 1 | 0 |
Reign
| 5 vs 5 Forward |
|---|
| Line # | Left Wing | Center | Right Wing | PHY | DF | OF | Wanted % | Time % | Time Play |
| 1 | Martin Pospisil | Jacob Peterson | Vinnie Hinostroza | 1 | 0 | 4 | 44 | 41% | 21:27
|
| 2 | Georgii Merkulov | Martin Pospisil | Lukas Rousek | 4 | 0 | 1 | 32 | 34% | 18:05
|
| 3 | Vinnie Hinostroza | Jacob Peterson | Jan Jenik | 2 | 3 | 0 | 16 | 24% | 12:29
|
| 4 | Vinnie Hinostroza | Jacob Peterson | Martin Pospisil | 2 | 1 | 2 | 8 | 1% | 0:47
|
| 5 vs 5 Defense |
|---|
| Line # | Defense | Defense | | PHY | DF | OF | Wanted % | Time % | Time Play |
| 1 | Oliver Kylington | Nick DeSimone | | 2 | 2 | 1 | 45 | 39% | 20:26
|
| 2 | Oliver Kylington | Louie Belpedio | | 2 | 0 | 3 | 30 | 33% | 17:40
|
| 3 | Oliver Kylington | Nick DeSimone | | 1 | 4 | 0 | 20 | 11% | 5:37
|
| 4 | Kevin Korchinski | Oliver Kylington | | 1 | 2 | 2 | 5 | 17% | 9:05
|
| Power Play Forward |
|---|
| Line # | Left Wing | Center | Right Wing | PHY | DF | OF | Wanted % | Time % | Time Play |
| 1 | Martin Pospisil | Jacob Peterson | Vinnie Hinostroza | 1 | 1 | 3 | 70 | 100% | 4:27
|
| 2 | Vinnie Hinostroza | Jacob Peterson | Martin Pospisil | 1 | 0 | 4 | 30 | 0% | 0:00
|
| Power Play Defense |
|---|
| Line # | Defense | Defense | | PHY | DF | OF | Wanted % | Time % | Time Play |
| 1 | Oliver Kylington | Nick DeSimone | | 0 | 2 | 3 | 63 | 62% | 2:45
|
| 2 | Oliver Kylington | Louie Belpedio | | 1 | 2 | 2 | 37 | 38% | 1:42
|
| Penalty Kill 4 Players Forward |
|---|
| Line # | Center | Wing | PHY | DF | OF | Wanted % | Time % | Time Play |
| 1 | Jacob Peterson | Martin Pospisil | 1 | 3 | 1 | 60 | 100% | 1:15
|
| 2 | Jacob Peterson | Vinnie Hinostroza | 1 | 4 | 0 | 40 | 0% | 0:00
|
| Penalty Kill 4 Players Defense |
|---|
| Line # | Defense | Defense | PHY | DF | OF | Wanted % | Time % | Time Play |
| 1 | Oliver Kylington | Nick DeSimone | 1 | 2 | 2 | 60 | 76% | 0:57
|
| 2 | Oliver Kylington | Louie Belpedio | 1 | 2 | 2 | 40 | 24% | 0:18
|
| Penalty Kill 3 Players |
|---|
| Line # | Wing | PHY | DF | OF | Wanted % | Time % | Time Play | Defense | Defense | PHY | DF | OF | Wanted % | Time % | Time Play |
| 1 | Jacob Peterson | 1 | 4 | 0 | 51 | 0% | 0:00
| Oliver Kylington | Nick DeSimone | 1 | 2 | 2 | 60 | 0% | 0:00
|
| 2 | Jacob Peterson | 0 | 4 | 1 | 49 | 0% | 0:00
| Oliver Kylington | Louie Belpedio | 1 | 2 | 2 | 40 | 0% | 0:00
|
| 4 vs 4 Forward |
|---|
| Line # | Center | Wing | PHY | DF | OF | Wanted % | Time % | Time Play |
| 1 | Jacob Peterson | Martin Pospisil | 2 | 1 | 2 | 60 | 100% | 1:30
|
| 2 | Jacob Peterson | Martin Pospisil | 1 | 1 | 3 | 40 | 0% | 0:00
|
| 4 vs 4 Defense |
|---|
| Line # | Defense | | PHY | DF | OF | Wanted % | Time % | Time Play |
| 1 | Oliver Kylington | Nick DeSimone | 1 | 3 | 1 | 60 | 86% | 60% - 1:17
|
| 2 | Nick DeSimone | Louie Belpedio | 1 | 3 | 1 | 40 | 14% | 40% - 0:13
|
| Last Minutes Offensive |
|---|
| Left Wing | Center | Right Wing | Defense | Defense |
| Martin Pospisil | Jacob Peterson | Vinnie Hinostroza | Oliver Kylington | Nick DeSimone |
| Last Minutes Defensive |
|---|
| Left Wing | Center | Right Wing | Defense | Defense |
| Martin Pospisil | Jacob Peterson | Vinnie Hinostroza | Oliver Kylington | Nick DeSimone |
| Time |
|---|
| Total Forward | Total Defense | Last Minutes Offensive | Last Minutes Defensive |
| 60:00 |
60:00 |
0:00 | 0:00 |
| Extra Forwards |
|---|
| Normal | PowerPlay | Penalty Kill |
|
Jacob Peterson, Georgii Merkulov, Martin Pospisil | Jacob Peterson, Jan Jenik | Jacob Peterson |
| Extra Defensemen |
|---|
| Normal | PowerPlay | Penalty Kill |
|
Oliver Kylington, Nick DeSimone, Louie Belpedio | Oliver Kylington, Oliver Kylington | Nick DeSimone |
| Penalty Shots |
|---|
|
Georgii Merkulov, Jacob Peterson, Martin Pospisil, Jan Jenik, Lukas Rousek |
| Goalie |
|---|
| Jet Greaves, Vadim Zherenko |
| Scratches |
|---|
|
Dylan Wendt (Healthy), Ethan Samson (Healthy), Cal Foote (Healthy), Gannon Laroque (Healthy), James Malatesta (Healthy)
Jared Davidson (Healthy), Sam Morton (Healthy), Viktor Neuchev (Healthy), Nolan Stevens (Healthy), Michal Teply (Healthy)
Ryan Jones (Healthy), Colin Theisen (Healthy), Nathan Smith (Healthy), Nick Cicek (Healthy), Samuel Laberge (Healthy)
Danil Gushchin (Healthy), Parker Ford (Healthy), Drew Commesso (Healthy), Georgi Romanov (Healthy), Nikita Tolopilo (Healthy)
Calle Clang (Healthy) |
Canucks
| 5 vs 5 Forward |
|---|
| Line # | Left Wing | Center | Right Wing | PHY | DF | OF | Wanted % | Time % | Time Play |
| 1 | Adam Cracknell | Nils Aman | Will Lockwood | 1 | 2 | 2 | 40 | 29% | 15:23
|
| 2 | Turner Elson | Gabriel Dumont | Olle Lycksell | 1 | 2 | 2 | 30 | 32% | 16:44
|
| 3 | Max Willman | Chris Wagner | Connor Ford | 1 | 2 | 2 | 20 | 28% | 14:41
|
| 4 | Daylan Kuefler | Nils Aman | Will Lockwood | 1 | 2 | 2 | 10 | 11% | 6:00
|
| 5 vs 5 Defense |
|---|
| Line # | Defense | Defense | | PHY | DF | OF | Wanted % | Time % | Time Play |
| 1 | Danny DeKeyser | Marcus Bjork | | 1 | 2 | 2 | 40 | 36% | 19:02
|
| 2 | Brogan Rafferty | Lane Hutson | | 1 | 2 | 2 | 30 | 27% | 14:14
|
| 3 | Michael Benning | Olivier Galipeau | | 1 | 2 | 2 | 20 | 22% | 11:34
|
| 4 | Dawson Barteaux | Olivier LeBlanc | | 1 | 2 | 2 | 10 | 15% | 7:58
|
| Power Play Forward |
|---|
| Line # | Left Wing | Center | Right Wing | PHY | DF | OF | Wanted % | Time % | Time Play |
| 1 | Adam Cracknell | Nils Aman | Will Lockwood | 1 | 2 | 2 | 60 | 55% | 0:41
|
| 2 | Turner Elson | Gabriel Dumont | Olle Lycksell | 1 | 2 | 2 | 40 | 45% | 0:34
|
| Power Play Defense |
|---|
| Line # | Defense | Defense | | PHY | DF | OF | Wanted % | Time % | Time Play |
| 1 | Danny DeKeyser | Marcus Bjork | | 1 | 2 | 2 | 60 | 100% | 1:15
|
| 2 | Brogan Rafferty | Lane Hutson | | 1 | 2 | 2 | 40 | 0% | 0:00
|
| Penalty Kill 4 Players Forward |
|---|
| Line # | Center | Wing | PHY | DF | OF | Wanted % | Time % | Time Play |
| 1 | Nils Aman | Will Lockwood | 1 | 2 | 2 | 60 | 79% | 3:32
|
| 2 | Adam Cracknell | Gabriel Dumont | 1 | 2 | 2 | 40 | 21% | 0:55
|
| Penalty Kill 4 Players Defense |
|---|
| Line # | Defense | Defense | PHY | DF | OF | Wanted % | Time % | Time Play |
| 1 | Danny DeKeyser | Marcus Bjork | 1 | 2 | 2 | 60 | 47% | 2:06
|
| 2 | Brogan Rafferty | Lane Hutson | 1 | 2 | 2 | 40 | 53% | 2:21
|
| Penalty Kill 3 Players |
|---|
| Line # | Wing | PHY | DF | OF | Wanted % | Time % | Time Play | Defense | Defense | PHY | DF | OF | Wanted % | Time % | Time Play |
| 1 | Nils Aman | 1 | 2 | 2 | 60 | 0% | 0:00
| Danny DeKeyser | Marcus Bjork | 1 | 2 | 2 | 60 | 0% | 0:00
|
| 2 | Will Lockwood | 1 | 2 | 2 | 40 | 0% | 0:00
| Brogan Rafferty | Lane Hutson | 1 | 2 | 2 | 40 | 0% | 0:00
|
| 4 vs 4 Forward |
|---|
| Line # | Center | Wing | PHY | DF | OF | Wanted % | Time % | Time Play |
| 1 | Nils Aman | Will Lockwood | 1 | 2 | 2 | 60 | 89% | 1:20
|
| 2 | Adam Cracknell | Gabriel Dumont | 1 | 2 | 2 | 40 | 11% | 0:10
|
| 4 vs 4 Defense |
|---|
| Line # | Defense | | PHY | DF | OF | Wanted % | Time % | Time Play |
| 1 | Danny DeKeyser | Marcus Bjork | 1 | 2 | 2 | 60 | 100% | 60% - 1:30
|
| 2 | Brogan Rafferty | Lane Hutson | 1 | 2 | 2 | 40 | 0% | 40% - 0:00
|
| Last Minutes Offensive |
|---|
| Left Wing | Center | Right Wing | Defense | Defense |
| Adam Cracknell | Nils Aman | Will Lockwood | Danny DeKeyser | Marcus Bjork |
| Last Minutes Defensive |
|---|
| Left Wing | Center | Right Wing | Defense | Defense |
| Adam Cracknell | Nils Aman | Will Lockwood | Danny DeKeyser | Marcus Bjork |
| Time |
|---|
| Total Forward | Total Defense | Last Minutes Offensive | Last Minutes Defensive |
| 60:00 |
60:00 |
0:00 | 0:00 |
| Extra Forwards |
|---|
| Normal | PowerPlay | Penalty Kill |
|
Max Willman, Chris Wagner, Connor Ford | Max Willman, Chris Wagner | Connor Ford |
| Extra Defensemen |
|---|
| Normal | PowerPlay | Penalty Kill |
|
Michael Benning, Olivier Galipeau, Dawson Barteaux | Michael Benning, Olivier Galipeau | Dawson Barteaux |
| Penalty Shots |
|---|
|
Nils Aman, Will Lockwood, Adam Cracknell, Gabriel Dumont, Olle Lycksell |
| Goalie |
|---|
| Cayden Primeau, Calvin Pickard |
| Scratches |
|---|
|
Alexis Gendron (Healthy), Brayden Burke (Healthy), Olivier Nadeau (Healthy), John Stevens (Healthy), Carson Gicewicz (Healthy)
Anton Blidh (Healthy), Oliver Chau (Healthy), Max Ellis (Healthy), Oliver Cooper (Healthy), Peyton Jones (Healthy)
Cale Morris (Healthy) |
Play-by-Play
1st period
0:01 of 1st period - Jacob Peterson wins face-off versus Nils Aman in neutral zone.
0:10 of 1st period - Snap shot by Vinnie Hinostroza.
0:10 of 1st period - Stopped by Cayden Primeau without a rebound.
0:11 of 1st period - Martin Pospisil wins face-off versus Gabriel Dumont in Canucks zone.
2:02 of 1st period - Wrist shot by Olle Lycksell.
2:02 of 1st period - Stopped by Jet Greaves with a rebound.
2:04 of 1st period - Slapshot by Marcus Bjork.
2:04 of 1st period - Stopped by Jet Greaves without a rebound.
2:05 of 1st period - Jacob Peterson wins face-off versus Gabriel Dumont in Reign zone.
2:24 of 1st period - Snap shot by Will Lockwood.
2:24 of 1st period - Shot Misses the Net.
2:26 of 1st period - Wrist shot by Will Lockwood.
2:26 of 1st period - Stopped by Jet Greaves without a rebound.
2:27 of 1st period - Martin Pospisil wins face-off versus Nils Aman in Reign zone.
4:33 of 1st period - Slapshot by Gabriel Dumont.
4:33 of 1st period - Stopped by Jet Greaves without a rebound.
4:34 of 1st period - Olle Lycksell wins face-off versus Martin Pospisil in Reign zone.
4:43 of 1st period - Snap shot by Gabriel Dumont.
4:43 of 1st period - Shot Blocked by Oliver Kylington.
4:45 of 1st period - Snap shot by Turner Elson.
4:45 of 1st period - Stopped by Jet Greaves with a rebound.
4:47 of 1st period - Wrist shot by Turner Elson.
4:47 of 1st period - Shot Blocked by Nick DeSimone.
4:49 of 1st period - Snap shot by Turner Elson.
4:49 of 1st period - Deflect By Olle Lycksell.
4:49 of 1st period - Shot Blocked by Oliver Kylington.
4:49 of 1st period - Puck is out of play.
4:50 of 1st period - Jacob Peterson wins face-off versus Nils Aman in Reign zone.
5:24 of 1st period - Snap shot by Max Willman.
5:24 of 1st period - Shot Misses the Net.
6:04 of 1st period - Vinnie Hinostroza is hit by Chris Wagner and loses puck.
6:55 of 1st period - Kevin Korchinski is hit by Connor Ford and loses puck.
7:31 of 1st period - Off-side.
7:32 of 1st period - Will Lockwood wins face-off versus Carter Mazur in neutral zone.
7:54 of 1st period - Wrist shot by Martin Pospisil.
7:54 of 1st period - Shot Misses the Net.
8:08 of 1st period - Icing by Vinnie Hinostroza.
8:09 of 1st period - Jacob Peterson wins face-off versus Gabriel Dumont in Reign zone.
9:06 of 1st period - Slapshot by Nils Aman.
9:06 of 1st period - Shot Misses the Net.
9:08 of 1st period - Snap shot by Adam Cracknell.
9:08 of 1st period - Stopped by Jet Greaves without a rebound.
9:09 of 1st period - Nils Aman wins face-off versus Jacob Peterson in Reign zone.
9:44 of 1st period - Nick DeSimone is hit by Chris Wagner and loses puck.
10:59 of 1st period - Lukas Rousek is hit by Nils Aman and loses puck.
12:02 of 1st period - Lukas Rousek is hit by Nils Aman and loses puck.
17:40 of 1st period - Icing by Oliver Kylington.
17:41 of 1st period - Gabriel Dumont wins face-off versus Oliver Kylington in Reign zone.
17:50 of 1st period - Vinnie Hinostroza is hit by Chris Wagner.
19:41 of 1st period - Minor Penalty to Carter Mazur for Tripping.
19:42 of 1st period - Jacob Peterson wins face-off versus Turner Elson in Reign zone.
19:59 of 1st period - Oliver Kylington is hit by Turner Elson and loses puck.
Goals for this period are 0 for Reign vs 0 for Canucks.
Shots for this period are 1 for Reign vs 6 for Canucks.
2nd period
0:01 of 2nd period - Nils Aman wins face-off versus Jacob Peterson in neutral zone.
0:08 of 2nd period - Snap shot by Jacob Peterson.
0:08 of 2nd period - Stopped by Cayden Primeau with a rebound.
0:10 of 2nd period - Minor Penalty to Danny DeKeyser for Interference.
0:11 of 2nd period - Nils Aman wins face-off versus Jacob Peterson in Canucks zone.
0:11 of 2nd period - Nils Aman is hit by Martin Pospisil.
0:19 of 2nd period - Slapshot by Nils Aman.
0:19 of 2nd period - Stopped by Jet Greaves with a rebound.
0:21 of 2nd period - Slapshot by Marcus Bjork.
0:21 of 2nd period - Stopped by Jet Greaves without a rebound.
0:22 of 2nd period - Nils Aman wins face-off versus Jacob Peterson in Reign zone.
0:23 of 2nd period - Snap shot by Will Lockwood.
0:23 of 2nd period - Stopped by Jet Greaves with a rebound.
0:35 of 2nd period - Martin Pospisil is hit by Nils Aman and loses puck.
0:52 of 2nd period - Marcus Bjork is hit by Martin Pospisil and loses puck.
1:03 of 2nd period - Wrist shot by Marcus Bjork.
1:03 of 2nd period - Shot Blocked by Louie Belpedio.
1:09 of 2nd period - Snap shot by Adam Cracknell.
1:09 of 2nd period - Deflect By Gabriel Dumont.
1:09 of 2nd period - Goal by Gabriel Dumont - Reign : 0 - Canucks : 1.
1:10 of 2nd period - Nils Aman wins face-off versus Martin Pospisil in neutral zone.
1:41 of 2nd period - Penalty to Carter Mazur is over, Carter Mazur is back on ice.
1:51 of 2nd period - Snap shot by Daylan Kuefler.
1:51 of 2nd period - Shot Misses the Net.
1:53 of 2nd period - Snap shot by Daylan Kuefler.
1:53 of 2nd period - Shot Misses the Net.
1:55 of 2nd period - Slapshot by Daylan Kuefler.
1:55 of 2nd period - Stopped by Jet Greaves with a rebound.
2:03 of 2nd period - Connor Ford is hit by Oliver Kylington and loses puck.
2:10 of 2nd period - Penalty to Danny DeKeyser is over, Danny DeKeyser is back on ice.
3:01 of 2nd period - Off-side.
3:02 of 2nd period - Nils Aman wins face-off versus Ryan Tverberg in neutral zone.
4:07 of 2nd period - Icing by Jan Jenik.
4:08 of 2nd period - Nils Aman wins face-off versus Jan Jenik in Reign zone.
4:13 of 2nd period - Snap shot by Nils Aman.
4:13 of 2nd period - Shot Misses the Net.
4:39 of 2nd period - Wrist shot by Turner Elson.
4:39 of 2nd period - Shot Misses the Net.
5:25 of 2nd period - Wrist shot by Nils Aman.
5:25 of 2nd period - Stopped by Jet Greaves without a rebound.
5:26 of 2nd period - Nils Aman wins face-off versus Ryan Tverberg in Reign zone.
5:48 of 2nd period - Michael Benning is hit by Oliver Kylington and loses puck.
5:59 of 2nd period - Wrist shot by Chris Wagner.
5:59 of 2nd period - Stopped by Jet Greaves with a rebound.
6:01 of 2nd period - Wrist shot by Max Willman.
6:01 of 2nd period - Shot Misses the Net.
6:03 of 2nd period - Wrist shot by Connor Ford.
6:03 of 2nd period - Goal by Connor Ford - Reign : 0 - Canucks : 2.
6:04 of 2nd period - Nils Aman wins face-off versus Jacob Peterson in neutral zone.
6:16 of 2nd period - Off-side.
6:17 of 2nd period - Nils Aman wins face-off versus Jacob Peterson in neutral zone.
6:23 of 2nd period - Off-side.
6:24 of 2nd period - Nils Aman wins face-off versus Jacob Peterson in neutral zone.
6:33 of 2nd period - Off-side.
6:34 of 2nd period - Nils Aman wins face-off versus Jacob Peterson in neutral zone.
7:57 of 2nd period - Wrist shot by Olle Lycksell.
7:57 of 2nd period - Shot Blocked by Nick DeSimone.
8:38 of 2nd period - Snap shot by Nils Aman.
8:38 of 2nd period - Shot Blocked by Ryan Tverberg.
10:18 of 2nd period - Olivier Galipeau is hit by Pavol Regenda and loses puck.
13:06 of 2nd period - Chris Wagner is hit by Nikolas Matinpalo and loses puck.
13:20 of 2nd period - Minor Penalty to Danny DeKeyser for Hooking.
13:21 of 2nd period - Nils Aman wins face-off versus Jacob Peterson in Canucks zone.
14:34 of 2nd period - Olivier Galipeau is hit by Nick DeSimone and loses puck.
14:57 of 2nd period - Slapshot by Georgii Merkulov.
14:57 of 2nd period - Shot Misses the Net.
15:20 of 2nd period - Penalty to Danny DeKeyser is over, Danny DeKeyser is back on ice.
15:27 of 2nd period - Snap shot by Max Willman.
15:27 of 2nd period - Stopped by Jet Greaves without a rebound.
15:28 of 2nd period - Ryan Tverberg wins face-off versus Connor Ford in Reign zone.
16:35 of 2nd period - Icing by Martin Pospisil.
16:36 of 2nd period - Martin Pospisil wins face-off versus Nils Aman in Reign zone.
16:36 of 2nd period - Martin Pospisil is hit by Nils Aman.
16:48 of 2nd period - Slapshot by Gabriel Dumont.
16:48 of 2nd period - Shot Misses the Net.
17:03 of 2nd period - Icing by Gabriel Dumont.
17:04 of 2nd period - Jacob Peterson wins face-off versus Gabriel Dumont in Canucks zone.
17:09 of 2nd period - Snap shot by Jan Jenik.
17:09 of 2nd period - Shot Misses the Net.
17:21 of 2nd period - Slapshot by Nils Aman.
17:21 of 2nd period - Shot Misses the Net.
18:13 of 2nd period - Connor Ford is hit by Georgii Merkulov and loses puck.
19:29 of 2nd period - Danny DeKeyser is hit by Pavol Regenda and loses puck.
Goals for this period are 0 for Reign vs 2 for Canucks.
Shots for this period are 1 for Reign vs 9 for Canucks.
3rd period
0:01 of 3rd period - Nils Aman wins face-off versus Jacob Peterson in neutral zone.
0:04 of 3rd period - Oliver Kylington is hit by Adam Cracknell and loses puck.
0:38 of 3rd period - Slapshot by Marcus Bjork.
0:38 of 3rd period - Shot Blocked by Jan Jenik.
0:44 of 3rd period - Snap shot by Connor Ford.
0:44 of 3rd period - Shot Misses the Net.
1:36 of 3rd period - Slapshot by Turner Elson.
1:36 of 3rd period - Shot Misses the Net.
1:54 of 3rd period - Snap shot by Nils Aman.
1:54 of 3rd period - Shot Blocked by Kevin Korchinski.
2:19 of 3rd period - Olivier LeBlanc is hit by Oliver Kylington and loses puck.
3:55 of 3rd period - Icing by Chris Wagner.
3:56 of 3rd period - Ryan Tverberg wins face-off versus Chris Wagner in Canucks zone.
4:55 of 3rd period - Wrist shot by Will Lockwood.
4:55 of 3rd period - Stopped by Jet Greaves with a rebound.
4:57 of 3rd period - Slapshot by Olivier Galipeau.
4:57 of 3rd period - Stopped by Jet Greaves with a rebound.
6:25 of 3rd period - Will Lockwood is hit by Pavol Regenda and loses puck.
6:53 of 3rd period - Icing by Nick DeSimone.
6:54 of 3rd period - Nils Aman wins face-off versus Lukas Rousek in Reign zone.
8:05 of 3rd period - Snap shot by Adam Cracknell.
8:05 of 3rd period - Shot Misses the Net.
8:15 of 3rd period - Wrist shot by Oliver Kylington.
8:15 of 3rd period - Shot Misses the Net.
8:20 of 3rd period - Double Minor Penalty to Carter Mazur for High sticking.
8:21 of 3rd period - Ryan Tverberg wins face-off versus Nils Aman in Reign zone.
8:21 of 3rd period - Ryan Tverberg is hit by Adam Cracknell.
8:54 of 3rd period - Slapshot by Danny DeKeyser.
8:54 of 3rd period - Stopped by Jet Greaves with a rebound.
8:56 of 3rd period - Snap shot by Turner Elson.
8:56 of 3rd period - Goal by Turner Elson - Reign : 0 - Canucks : 3.
8:57 of 3rd period - Nils Aman wins face-off versus Jacob Peterson in neutral zone.
9:06 of 3rd period - Snap shot by Will Lockwood.
9:06 of 3rd period - Goal by Will Lockwood - Reign : 0 - Canucks : 4.
9:07 of 3rd period - Nils Aman wins face-off versus Jacob Peterson in neutral zone.
9:14 of 3rd period - Snap shot by Oliver Kylington.
9:14 of 3rd period - Stopped by Cayden Primeau without a rebound.
9:15 of 3rd period - Nils Aman wins face-off versus Vinnie Hinostroza in Canucks zone.
9:15 of 3rd period - Nils Aman is hit by Martin Pospisil.
9:27 of 3rd period - Slapshot by Vinnie Hinostroza.
9:27 of 3rd period - Shot Misses the Net.
9:29 of 3rd period - Slapshot by Vinnie Hinostroza.
9:29 of 3rd period - Shot Misses the Net.
9:31 of 3rd period - Backhand shot by Martin Pospisil.
9:31 of 3rd period - Stopped by Cayden Primeau with a rebound.
9:33 of 3rd period - Slapshot by Nick DeSimone.
9:33 of 3rd period - Stopped by Cayden Primeau without a rebound.
9:34 of 3rd period - Martin Pospisil wins face-off versus Gabriel Dumont in Canucks zone.
10:05 of 3rd period - Snap shot by Jacob Peterson.
10:05 of 3rd period - Shot Misses the Net.
10:07 of 3rd period - Slapshot by Jan Jenik.
10:07 of 3rd period - Stopped by Cayden Primeau without a rebound.
10:08 of 3rd period - Nils Aman wins face-off versus Jacob Peterson in Canucks zone.
10:42 of 3rd period - Snap shot by Martin Pospisil.
10:42 of 3rd period - Shot Blocked by Brogan Rafferty.
10:58 of 3rd period - Snap shot by Olle Lycksell.
10:58 of 3rd period - Stopped by Jet Greaves with a rebound.
11:04 of 3rd period - Snap shot by Martin Pospisil.
11:04 of 3rd period - Shot Misses the Net.
11:06 of 3rd period - Slapshot by Oliver Kylington.
11:06 of 3rd period - Shot Blocked by Danny DeKeyser.
11:08 of 3rd period - Wrist shot by Jacob Peterson.
11:08 of 3rd period - Stopped by Cayden Primeau with a rebound.
11:14 of 3rd period - Slapshot by Vinnie Hinostroza.
11:14 of 3rd period - Stopped by Cayden Primeau with a rebound.
11:16 of 3rd period - Wrist shot by Vinnie Hinostroza.
11:16 of 3rd period - Shot Blocked by Marcus Bjork.
11:18 of 3rd period - Snap shot by Vinnie Hinostroza.
11:18 of 3rd period - Shot Misses the Net.
11:20 of 3rd period - Snap shot by Oliver Kylington.
11:20 of 3rd period - Stopped by Cayden Primeau with a rebound.
11:22 of 3rd period - Slapshot by Martin Pospisil.
11:22 of 3rd period - Goal by Martin Pospisil - Reign : 1 - Canucks : 4.
11:23 of 3rd period - Nils Aman wins face-off versus Ryan Tverberg in neutral zone.
11:26 of 3rd period - Lukas Rousek is hit by Danny DeKeyser and loses puck.
11:35 of 3rd period - Backhand shot by Nils Aman.
11:35 of 3rd period - Shot Blocked by Georgii Merkulov.
11:37 of 3rd period - Backhand shot by Will Lockwood.
11:37 of 3rd period - Stopped by Jet Greaves with a rebound.
11:39 of 3rd period - Slapshot by Marcus Bjork.
11:39 of 3rd period - Shot Misses the Net.
11:49 of 3rd period - Marcus Bjork is hit by Nick DeSimone.
11:59 of 3rd period - Slapshot by Danny DeKeyser.
11:59 of 3rd period - Shot Blocked by Nick DeSimone.
12:05 of 3rd period - Chris Wagner is hit by Georgii Merkulov and loses puck.
12:36 of 3rd period - Will Lockwood is hit by Martin Pospisil and loses puck.
13:13 of 3rd period - Snap shot by Chris Wagner.
13:13 of 3rd period - Stopped by Jet Greaves without a rebound.
13:14 of 3rd period - Ryan Tverberg wins face-off versus Chris Wagner in Reign zone.
13:31 of 3rd period - Martin Pospisil is hit by Gabriel Dumont and loses puck.
13:42 of 3rd period - Minor Penalty to Gabriel Dumont for Slashing.
13:43 of 3rd period - Nils Aman wins face-off versus Jacob Peterson in Canucks zone.
13:52 of 3rd period - Will Lockwood is hit by Vinnie Hinostroza and loses puck.
15:42 of 3rd period - Penalty to Gabriel Dumont is over, Gabriel Dumont is back on ice.
16:02 of 3rd period - Snap shot by Gabriel Dumont.
16:02 of 3rd period - Shot Misses the Net.
16:36 of 3rd period - Nick DeSimone is hit by Michael Benning and loses puck.
18:19 of 3rd period - Danny DeKeyser is hit by Ryan Tverberg and loses puck.
Goals for this period are 1 for Reign vs 2 for Canucks.
Shots for this period are 8 for Reign vs 8 for Canucks.